 Dungeon Crawl Stone Soup version 0.31-a0-217-g58bb5d79cf (webtiles) character file.

Game seed: 5948711747212608113

74 qw the Shooter (level 4, -2/26 HPs)
             Began as a Gargoyle Hexslinger on July 2, 2023.
             Was an Initiate of Okawaru.
             Killed from afar by Natasha (6 damage)
             ... with a magic dart
             ... on level 2 of the Dungeon.
             The game lasted 00:00:32 (1192 turns).

qw the Shooter (Gargoyle Hexslinger)                Turns: 1192, Time: 00:00:32

Health: -2/26      AC:  6    Str: 12    XL:     4   Next: 28%
Magic:  5/5        EV: 11    Int: 13    God:    Okawaru [......]
Gold:   63         SH:  0    Dex: 14    Spells: 4/5 levels left

rFire   . . .        Y - +1 sling
rCold   . . .        (no shield)
rNeg    + . .        a - +0 leather armour
rPois   inf          (no helmet)
rElec   +            (no cloak)
rCorr   .            (no gloves)
SInv    .            (no boots)
Will    .....        (no amulet)
Stlth   +            (no ring)
HPRegen 0.24/turn    (no ring)
MPRegen 0.09/turn

%: no passive effects
@: no status effects
A: sickness immunity, AC +3, negative energy resistance 1, electricity
resistance, torment resistance 1, petrification resistance
a: Renounce Religion


You were on level 2 of the Dungeon.
You worshipped Okawaru.
Okawaru was noncommittal.
You visited 1 branch of the dungeon, and saw 2 of its levels.

You collected 63 gold pieces.


Innate Abilities, Weirdness & Mutations

You are immune to sickness and miasma.
Your stone body is resilient. (AC +3)
You are immune to poison.
You resist negative energy. (rN+)
You are resistant to electric shocks. (rElec)
You are resistant to unholy torment.
You are immune to petrification.


   Skills:
 - Level 2.0 Fighting
 + Level 4.1 Ranged Weapons
 - Level 1.5 Dodging
 - Level 1.0 Spellcasting
 - Level 2.6 Hexes


You had 4 spell levels left.
You knew the following spells:

 Your Spells              Type           Power      Damage    Failure   Level
a - Slow                  Hex            28%        N/A       12%         1

Your spell library contained the following spells:

 Spells                   Type           Power      Damage    Failure   Level
 Inner Flame              Hex/Fire       4%         N/A       52%         3
 Portal Projectile        Hex/Tloc       8%         N/A       52%         3
 Cause Fear               Hex            3%         N/A       75%         4

Inventory:

Hand Weapons
 Y - a +1 sling (weapon)
Armour
 a - a +0 leather armour (worn)
Potions
 b - a potion of curing {unknown}
 d - a potion of heal wounds
 e - a potion of lignification {unknown}
 h - a potion of mutation {unknown}

Dungeon Overview and Level Annotations

Branches:
Dungeon (2/15)

Altars:
Okawaru

Shops:
D:1 (

Annotations:
D:2 Natasha


Message History

Found 3 gold pieces.
Natasha hisses angrily.
Enter note:
Enter note:
Enter note:
Enter note:
Enter note:
Enter note: You shoot a sling bullet.
The sling bullet hits Natasha.
Natasha is moderately wounded.
You shoot a sling bullet.
The sling bullet hits Natasha but does no damage.
Natasha is moderately wounded.
Natasha wildly gestures.
You feel troubled.
Natasha stares at you and mumbles some strange words.
The magic dart hits you!
You shoot a sling bullet. The sling bullet barely misses Natasha.
Natasha casts a spell.
You shoot a sling bullet.
The sling bullet barely misses the cerulean imp.
The cerulean imp closely misses you.
You shoot a sling bullet. The sling bullet barely misses Natasha.
The cerulean imp hits you from afar with a +2 spear.
Natasha claws you.
You shoot a sling bullet.
The sling bullet completely misses Natasha.
The cerulean imp completely misses you. Natasha misses you.
You shoot a sling bullet. The sling bullet barely misses Natasha.
The cerulean imp hits you but does no damage.
Natasha mumbles some strange words.
The cerulean imp barely misses you.
You shoot a sling bullet. The sling bullet hits Natasha.
Natasha is moderately wounded.
Natasha claws you.
The cerulean imp hits you but does no damage.
The cerulean imp hits you with a +2 spear.
Natasha casts a spell at you. The magic dart hits you.
You die...

#....### ####.#). #....
#.... ##### ########## #
#........$ #######
#...5..... #.<...#
#######5@h...... ###.###
#............... ####....
##....(...#########.....##
#.................#.....#
#................%....####
#.........................
#.._..#....)..............
#.....#..%................
#.....#...............####


You could see Natasha and 2 cerulean imps.

Vanquished Creatures
  Jessica (D:2)
  2 worms (D:2)
  5 ball pythons
  6 endoplasms
  2 giant cockroaches
  3 hobgoblins (D:1)
  2 kobolds (D:2)
  3 quokkas
  5 bats (D:2)
  2 frilled lizards (D:2)
  3 goblins (D:1)
  4 rats
38 creatures vanquished.

Notes
Turn   | Place    | Note
-------+----------+-------------------------------------------
     0 | D:1      | qw the Gargoyle Hexslinger began the quest for the Orb.
     0 | D:1      | Reached XP level 1. HP: 12/12 MP: 2/2
     0 | D:1      | 0 ||| qw: Version: 0.3-a-40-ge99b1a8
     0 | D:1      | 0 ||| qw: Game counter: 132
     0 | D:1      | 0 ||| qw: Melee chars always use a shield: true
     0 | D:1      | 0 ||| qw: God list: Okawaru
     0 | D:1      | 0 ||| qw: Allow faded altars: false
     0 | D:1      | 0 ||| qw: Do Orc after clearing Dungeon:15 true
     0 | D:1      | 0 ||| qw: Do second Lair branch before Depths: true
     0 | D:1      | 0 ||| qw: Lair rune preference: random
     0 | D:1      | 0 ||| qw: Goals: Normal
     0 | D:1      | 0 ||| PLANNING D:1-11
   254 | D:1      | Reached XP level 2. HP: 16/16 MP: 3/3
   389 | D:1      | Reached skill level 3 in Ranged Weapons
   514 | D:1      | Found Hinorof's Weapon Shop.
   523 | D:1      | 523 ||| SHOPLISTING +0 orcbow of draining (107 gold, have
                  | 8).
   725 | D:1      | 725 ||| READING scroll labelled PAITYU ZASORUN.
   726 | D:1      | 726 ||| DROPPING scroll of poison.
   840 | D:2      | Reached XP level 3. HP: 21/21 MP: 4/4
   920 | D:2      | Noticed Jessica
   928 | D:2      | Killed Jessica
   929 | D:2      | Reached XP level 4. HP: 20/26 MP: 5/5
   986 | D:2      | Reached skill level 4 in Ranged Weapons
  1125 | D:2      | Found an iron altar of Okawaru.
  1126 | D:2      | 1126 ||| PLANNING OKAWARU WORSHIP
  1126 | D:2      | 1126 ||| UPGRADING to +0 leather armour.
  1136 | D:2      | 1136 ||| DROPPING +0 robe.
  1137 | D:2      | 1137 ||| READING scroll labelled ESCHAWKEPLU.
  1140 | D:2      | 1140 ||| DRINKING 2 silvery potions.
  1141 | D:2      | 1141 ||| DRINKING 2 smoky dark potions.
  1142 | D:2      | 1142 ||| DROPPING potion of magic.
  1178 | D:2      | Became a worshipper of Warmaster Okawaru
  1179 | D:2      | 1179 ||| PLANNING D:1-11
  1184 | D:2      | Noticed Natasha
  1192 | D:2      | HP: 6/26 [Natasha (5)]
  1192 | D:2      | Killed from afar by Natasha

Levels and vault maps discovered:
D:1:      beargit_arrival_diablo_church, layout_loops_ring, serial_shops,
          nicolae_shop_just_a_little_nook, minmay_misc_feat_enclosed
D:2:      layout_basic, basic_altar, uniq_natasha, uniq_jessica

Skill      XL: |  1  2  3  4 |
---------------+-------------+-----
Ranged Weapons | 3 4 |  4.1
Fighting       | 2 |  2.0
Dodging        | |  1.5
Spellcasting   | |  1.0
Hexes          | |  2.6

Action                     |  1- 3 |  4- 6 || total
---------------------------+-------+-------++-------
   Fire: Sling             |    87 |    37 ||   124
    Use: Scroll            |     1 |     1 ||     2
         Potion            |       |     2 ||     2
 Armour: Robe              |     7 |     2 ||     9
         Leather armour    |       |     2 ||     2
  Dodge: Dodged            |    20 |    11 ||    31

Table legend:
 A = Non-vault XP
 B = Vault XP
 C = Vault XP percentage of total XP
 D = Non-vault monster count
 E = Vault monster count
 F = Vault count percentage of total count
                 A         B        C        D         E       F
            +---------+---------+-------+---------+---------+-------
      Total |      69 |      37 |  34.9 |      37 |       1 |   2.6
            +---------+---------+-------+---------+---------+-------
        D:1 |      29 |       0 |   0.0 |      17 |       0 |   0.0
        D:2 |      40 |      37 |  48.1 |      20 |       1 |   4.8
            +---------+---------+-------+---------+---------+-------
